 Dungeon Crawl Stone Soup version 0.29-a0-668-g12ee2bf84d (webtiles) character file.

Game seed: 3775025372181088847

11 zeratav the Shield-Bearer (level 2, 0/24 HPs)
             Began as a Formicid Fighter on June 23, 2022.
             Succumbed to a kobold's poison
             ... on level 1 of the Dungeon.
             The game lasted 00:00:17 (326 turns).

zeratav the Shield-Bearer (Formicid Fighter)         Turns: 326, Time: 00:00:18

Health: 0/24       AC:  6    Str: 20    XL:     2   Next: 35%
Magic:  2/2        EV:  9    Int:  7    God:
Gold:   4          SH:  5    Dex: 13    Spells: 1/1 levels left

rFire   . . .      SeeInvis +   a - +0 war axe {axe}
rCold   . . .      Faith    .   c - +0 buckler
rNeg    . . .      Spirit   .   b - +0 scale mail
rPois   .          Reflect  .   (helmet unavailable)
rElec   .          Harm     .   (no cloak)
rCorr   .          Rampage  .   (no gloves)
Will    .....                   (no boots)
Stlth   +.........              (no amulet)
HPRegen 0.08/turn               (no ring)
MPRegen 0.08/turn               (no ring)

@: lethally poisoned (0 -> -3)
A: permanent stasis, dig shafts and tunnels, antennae 3, four strong arms
a: Dig, Shaft Self


You were on level 1 of the Dungeon.
You visited 1 branch of the dungeon, and saw 1 of its levels.

You collected 4 gold pieces.


Innate Abilities, Weirdness & Mutations

You cannot be hasted, slowed, berserked, paralysed or teleported.
You can dig through walls and to a lower floor.
You have a pair of large antennae on your head. (SInv)
Your four strong arms can wield two-handed weapons with a shield.


   Skills:
 - Level 3.2 Fighting
 - Level 2.0 Axes
 - Level 3.2 Armour
 + Level 2.5 Stealth
 - Level 4.0 Shields


You had one spell level left.
You didn't know any spells.
Your spell library was empty.

Inventory:

Hand Weapons
 a - a +0 war axe (weapon) {axe}
Armour
 b - a +0 scale mail (worn)
 c - a +0 buckler (worn)
Scrolls
 e - a scroll of enchant armour {unknown}
 f - a scroll of fog {unknown}
Potions
 d - a potion of might
 g - a potion of curing {unknown}
 h - a potion of haste {unknown}

Dungeon Overview and Level Annotations

Branches:
Dungeon (1/15) Zot: 5660

Altars:

##....#
.#.##....#.#.
#....#
#........#.#
#....# ####......#
###### #.....†.#
#.......#
#.......#
#......#.#
####.###....#.#.#
#.....g@....##.#.
#..........#.##...
#.........#.#..
.......#..##....
.........#. ....
............ ...
........#..## ##
....... .#


You could see a goblin.


Message History

You sense a monster nearby.
An endoplasm comes into view.
Found a stone staircase leading down.
The endoplasm quivers.
The endoplasm moves out of view.
An endoplasm is nearby!
An endoplasm is nearby!
You hit the endoplasm. The endoplasm freezes you.
You are frozen.
HP[-1]
You take 1 damage, and now have 17/18 hp.
You hit the endoplasm.
You kill the endoplasm!
Your Stealth skill increases to level 2!
You have reached level 2!
HP[+7] MP[+1]
You now have 24 max hp (+6).
Your hp is fully restored (24).
Your mp is fully restored (2).
You open the door.
There is an open door here.
As you open the door, it creaks loudly!
You now have 4 gold pieces.
Found a stone staircase leading down.
A quokka comes into view.
A quokka is nearby!
A quokka is nearby!
You completely miss the quokka.
The quokka twitches its whiskers.
The quokka bites you but does no damage. x2
You barely miss the quokka.
The quokka bites you but does no damage.
You slash the quokka!
You kill the quokka!
No target in view!
No target in view!
No target in view!
No target in view!
No target in view!
No target in view!
No target in view!
No target in view!
No target in view!
No target in view!
No target in view!
No target in view!
g - a smoky red potion You sense a monster nearby.
h - a black potion A kobold and a bat come into view.
The kobold is wielding a +1 dagger of venom.
The kobold shouts!
The bat hits you but does no damage.
A goblin comes into view. It is wielding a +0 club.
There are monsters nearby!
There are monsters nearby!
There are monsters nearby!
The goblin shouts!
You slash the bat!
You kill the bat!
The kobold barely misses you.
You see here a bat corpse.
You barely miss the kobold.
The kobold hits you with a +1 dagger of venom.
You are poisoned.
The kobold hits you but does no damage.
You are more poisoned.
HP[-3]
You take 3 damage, and now have 21/24 hp.
You hit the kobold.
You kill the kobold!
You feel very sick.
HP[-5]
You take 5 damage, and now have 16/24 hp.
MASSIVE DAMAGE!! (PAUSE)
You barely miss the goblin.
* * * LOW HITPOINT WARNING * * *
You feel very sick. You block the goblin's attack.
The goblin hits you but does no damage.
HP[-4]
You take 4 damage, and now have 12/24 hp.
You closely miss the goblin.
You feel very sick. The goblin hits you but does no damage.
HP[-3]
You take 3 damage, and now have 9/24 hp.
You barely miss the goblin.
You feel sick. The goblin hits you with a +0 club.
* * * LOW HITPOINT WARNING * * *
HP[-3]
You take 3 damage, and now have 6/24 hp.
You closely miss the goblin.
* * * LOW HITPOINT WARNING * * *
You feel sick. The goblin hits you with a +0 club.
* * * LOW HITPOINT WARNING * * *
The goblin closely misses you.
HP[-5]
You take 5 damage, and now have 1/24 hp.
MASSIVE DAMAGE!! (PAUSE)
You hit the goblin.
You die...

Skill      XL: |  1 |
---------------+----+-----
Stealth        | 2 |  2.5
Fighting       | |  3.2
Axes           | |  2.0
Armour         | |  3.2
Shields        | |  4.0

Action                   || total
-------------------------++-------
Melee: War axe           ||    31
Armor: Scale mail        ||    13
Dodge: Dodged            ||    14
Block: Buckler           ||     1

Levels and vault maps discovered:
D:1:      mrwooster_arrival_statue_3, layout_basic,
          chequers_ecumenical_altar_simple_redux, nrook_mini_vaults,
          minmay_misc_feat_secret_circle

Notes
Turn   | Place    | Note
-------+----------+-------------------------------------------
     0 | D:1      | zeratav the Formicid Fighter began the quest for the Orb.
     0 | D:1      | Reached XP level 1. HP: 18/18 MP: 1/1
     0 | D:1      | magus.rc [v1.9.6]
   109 | D:1      | Reached skill level 1 in Stealth
   242 | D:1      | Reached skill level 2 in Stealth
   242 | D:1      | Reached XP level 2. HP: 24/24 MP: 2/2
   324 | D:1      | HP: 6/24 [goblin/+0 club (3)]
   325 | D:1      | HP: 1/24 [goblin/+0 club (3)]
   326 | D:1      | Succumbed to a kobold's poison

Vanquished Creatures
  A bat (D:1)
  An endoplasm (D:1)
  A hobgoblin (D:1)
  3 kobolds (D:1)
  2 quokkas (D:1)
8 creatures vanquished.

Table legend:
 A = Non-vault XP
 B = Vault XP
 C = Vault XP percentage of total XP
 D = Non-vault monster count
 E = Vault monster count
 F = Vault count percentage of total count
                 A         B        C        D         E       F
            +---------+---------+-------+---------+---------+-------
      Total |      16 |       0 |   0.0 |       8 |       0 |   0.0
            +---------+---------+-------+---------+---------+-------
        D:1 |      16 |       0 |   0.0 |       8 |       0 |   0.0
            +---------+---------+-------+---------+---------+-------

Illustrated notes

Table legend:
 A = Kills in this place as a percentage of kills in entire the game.
 B = Kills by you in this place as a percentage of kills by you in the entire game.
 C = Kills by friends in this place as a percentage of kills by friends in the entire game.
 D = Other kills in this place as a percentage of other kills in the entire game.
 E = Experience gained in this place as a percentage of experience gained in the entire game.
 F = Experience gained in this place divided by the number of levels of this place that you have seen.
                   A       B       C       D       E      F
               +-------+-------+-------+-------+-------+----------------------
         Total | 100.0 | 100.0 |   N/A |   N/A | 100.0 |  16.0
       Dungeon | 100.0 | 100.0 |   N/A |   N/A | 100.0 |  16.0
               +-------+-------+-------+-------+-------+----------------------

Table legend: (Time is in decaauts)
 A = Elapsed time spent in this place.
 B = Non-inter-level travel time spent in this place.
 C = Inter-level travel time spent in this place.
 D = Time resting spent in this place.
 E = Time spent auto-exploring this place.
 F = Levels seen in this place.
 G = Mean time per level.
                   A        B        C        D        E       F      G
               +--------+--------+--------+--------+--------+-----+--------+
         Total |    339 |    339 |      0 |      0 |    270 |   1 |  339.0 |
       Dungeon |    339 |    339 |      0 |      0 |    270 |   1 |  339.0 |
               +--------+--------+--------+--------+--------+-----+--------+

Top non-repeatable levels by time:
     D:1: 339 daAuts
